 Dungeon Crawl Stone Soup version 0.25-a0-1024-gbfbf38f2cb (webtiles) character file.

Game seed: 4403586347342576045, levelgen mode: deterministic

177 Flugslaktarn the Covered (level 5, 0/43 HPs)
             Began as a Barachi Fighter on May 12, 2020.
             Killed by divine providence
             ... invoked by an orc priest
              (13 damage)
             ... on level 3 of the Dungeon.
             The game lasted 00:01:16 (2693 turns).

Flugslaktarn the Covered (Barachi Fighter)          Turns: 2693, Time: 00:01:17

Health: 0/43       AC:  8    Str: 17    XL:     5   Next: 57%
Magic:  5/5        EV:  7    Int:  8    God:
Gold:   113        SH:  9    Dex: 13    Spells: 4/4 levels left

rFire    . . .     SeeInvis .   a - +0 war axe
rCold    . . .     Gourm    .   c - +0 kite shield
rNeg     . . .     Faith    .   b - +0 scale mail
rPois    .         Spirit   .   j - +0 helmet
rElec    .         Reflect  .   (no cloak)
rCorr    .         Harm     .   (no gloves)
MR       .....                  (no boots)
Stlth    ..........             (no amulet)
HPRegen  0.14/turn              (no ring)
MPRegen  0.09/turn              (no ring)

@: slow
A: +LOS, swims, slowness 1, strong legs 1
a: Hop


You were on level 3 of the Dungeon.
You were not hungry.

You visited 1 branch of the dungeon, and saw 3 of its levels.

You collected 113 gold pieces.

Inventory:

Hand Weapons
 a - a +0 war axe (weapon)
Armour
 b - a +0 scale mail (worn)
 c - a +0 kite shield (worn)
 j - a +0 helmet (worn)
   (You took it off Robin on level 2 of the Dungeon)
 p - a +0 tower shield
   (You found it on level 2 of the Dungeon)
Scrolls
 h - 3 scrolls of identify {unknown}
 i - 2 scrolls of teleportation {unknown}
 k - a scroll of remove curse {unknown}
Potions
 d - a potion of might
 f - 2 potions of curing {unknown}
 g - a potion of degeneration {unknown}
 l - a potion of ambrosia {unknown}
 m - a potion of brilliance {unknown}
 o - a potion of flight {unknown}
 q - a potion of heal wounds {unknown}
Comestibles
 e - a ration
 n - 2 chunks of flesh


   Skills:
 + Level 4.5 Fighting
 * Level 4.1 Axes
 + Level 4.6 Armour
 + Level 4.2 Shields


You had 4 spell levels left.
You didn't know any spells.
Your spell library was empty.

Dungeon Overview and Level Annotations

Branches:
Dungeon (3/15)

Altars:
Ashenzari
Vehumet
Yredelemnul

Annotations:
D:3 Natasha


Innate Abilities, Weirdness & Mutations

You can be seen from farther away. (+LOS)
You can swim through water.
You cover ground slowly.
You can hop short distances.


Message History

You closely miss the orc.
The orc is heavily wounded.
You hit the orc priest.
The orc priest calls upon Beogh to heal the orc.
The orc's wounds heal themselves!
The orc hits you but does no damage. You block the orc priest's attack.
Natasha hisses.
You slash the orc priest!
The orc priest is severely wounded.
You hit the orc. The orc hits you with a +0 falchion.
You block the orc priest's attack.
Natasha mumbles some strange words.
The orc hits you but does no damage.
You hit the orc priest but do no damage.
The orc priest is severely wounded.
You closely miss the orc. The orc priest hits you with a +0 club.
You block the orc's attack.
The orc priest calls down the wrath of Beogh upon you.
Beogh smites you!
You die...

## ### .. ..#
### .. #.# #..
#. #.# #.# #.
#.# #.#
#######5 #.#
#.#
....5.ho##.#
#.# #.Koo@†.#
#.#
#.#####.#####.#
#.......#####
#...........#
#.#########.#
#.# #.# ## ..#
#.# #. #### #.#
#. #.# #.


You could see 2 orc priests, Natasha, 2 shadow imps, an orc and a kobold.

Vanquished Creatures
  Robin (D:2)
  4 gnolls
  4 adders (D:2)
  2 dart slugs
  3 leopard geckos
  2 orcs (D:3)
  3 ball pythons
  5 giant cockroaches
  13 goblins
  9 hobgoblins
  7 jackals (D:2)
  5 kobolds
  A quokka (D:2)
  8 bats
  5 frilled lizards
  5 rats
77 creatures vanquished.

Notes
Turn   | Place    | Note
-------+----------+-------------------------------------------
     0 | D:1      | Flugslaktarn the Barachi Fighter began the quest for the
                  | Orb.
     0 | D:1      | Reached XP level 1. HP: 18/18 MP: 1/1
     2 | D:1      | Noticed an octopode
     2 | D:1      | Noticed a human
     4 | D:1      | Noticed a troll
     4 | D:1      | Noticed a felid
     6 | D:1      | Noticed an elf
     8 | D:1      | Noticed a vampire
     8 | D:1      | Noticed an ogre
    10 | D:1      | Noticed a dwarf
    10 | D:1      | Noticed a halfling
    12 | D:1      | Noticed a gargoyle
    12 | D:1      | Noticed a tengu
    14 | D:1      | Noticed a demigod
    16 | D:1      | Noticed a spriggan
    18 | D:1      | Noticed a draconian
    18 | D:1      | Noticed a demonspawn
    20 | D:1      | Noticed a merfolk
    20 | D:1      | Noticed a centaur
    22 | D:1      | Noticed a minotaur
    22 | D:1      | Noticed a naga
    24 | D:1      | Noticed a formicid
    24 | D:1      | Noticed a ghoul
    26 | D:1      | Noticed a vine stalker
   209 | D:1      | Reached XP level 2. HP: 20/25 MP: 2/2
   601 | D:1      | Reached XP level 3. HP: 21/30 MP: 3/3
  1143 | D:1      | Reached XP level 4. HP: 9/37 MP: 4/4
  1526 | D:2      | Noticed Robin
  1836 | D:2      | Reached XP level 5. HP: 40/43 MP: 5/5
  1840 | D:2      | Killed Robin
  2087 | D:2      | Found a shattered altar of Ashenzari.
  2540 | D:3      | Found a radiant altar of Vehumet.
  2640 | D:3      | Found a basalt altar of Yredelemnul.
  2687 | D:3      | Noticed Natasha
  2693 | D:3      | Killed from afar by an orc priest

Illustrated notes

Levels and vault maps discovered:
D:1:      kb_arrival_jail, layout_basic
D:2:      layout_rooms, first_ration, ashenzari_altar_1, uniq_robin
D:3:      layout_loops_ring, lemuel_crystal_altar, yredelemnul_altar_generic,
          uniq_natasha

Skill      XL: |  1  2  3  4  5 |
---------------+----------------+-----
Fighting       | 4 |  4.5
Axes           | 3 4 |  4.1
Armour         | 4 |  4.6
Shields        | 4 |  4.2

Action                   |  1- 3 |  4- 6 || total
-------------------------+-------+-------++-------
Melee: War axe           |    78 |   167 ||   245
 Abil: Hop               |     1 |     1 ||     2
  Eat: Chunk             |     1 |     2 ||     3
       Ration            |       |     1 ||     1
Armor: Scale mail        |    47 |   116 ||   163
Dodge: Dodged            |    33 |    64 ||    97
Block: Kite shield       |    58 |   126 ||   184

Table legend:
 A = Non-vault XP
 B = Vault XP
 C = Vault XP percentage of total XP
 D = Non-vault monster count
 E = Vault monster count
 F = Vault count percentage of total count
                 A         B        C        D         E       F
            +---------+---------+-------+---------+---------+-------
      Total |     219 |      34 |  13.4 |      66 |      11 |  14.3
            +---------+---------+-------+---------+---------+-------
        D:1 |      50 |       1 |   2.0 |      20 |       1 |   4.8
        D:2 |     148 |      33 |  18.2 |      36 |      10 |  21.7
        D:3 |      21 |       0 |   0.0 |      10 |       0 |   0.0
            +---------+---------+-------+---------+---------+-------
